 Dungeon Crawl Stone Soup version 0.21.1-1-g345015f (webtiles) character file.

317 mike2R the Conjurer (level 6, -2/32 HPs)
             Began as a Deep Elf Conjurer on June 10, 2018.
             Killed from afar by an orc wizard (7 damage)
             ... with a puff of flame
             ... on level 4 of the Dungeon on June 12, 2018.
             The game lasted 00:23:34 (4096 turns).

mike2R the Conjurer (Deep Elf Conjurer)             Turns: 4096, Time: 00:23:35

Health: -2/32      AC:  4    Str:  5    XL:     6   Next: 20%
Magic:  4/17       EV: 12    Int: 22    God:
Gold:   136        SH:  0    Dex: 15    Spells: 3/17 levels left

rFire    . . .     SeeInvis .   a - staff of wizardry
rCold    . . .     Gourm    .   (no shield)
rNeg     . . .     Faith    .   o - +0 leather armour
rPois    .         Spirit   .   (no helmet)
rElec    .         Reflect  .   (no cloak)
rCorr    .         Harm     .   t - +0 pair of gloves
MR       .....                  (no boots)
Stlth    ++........             (no amulet)
HPRegen  0.10/turn              (no ring)
MPRegen  0.15/turn              (no ring)

@: no status effects
A: no striking features
a: no special abilities


You were on level 4 of the Dungeon.
You were not hungry.

You visited 1 branch of the dungeon, and saw 4 of its levels.

You collected 136 gold pieces.

Inventory:

Hand Weapons
 b - a +1 hunting sling of flaming
 e - a +1 short sword of draining
Missiles
 j - 156 stones
 p - 6 tomahawks (quivered)
 u - 36 sling bullets
Armour
 o - a +0 leather armour (worn)
 t - a +0 pair of gloves (worn)
Magical Staves
 a - an uncursed staff of wizardry (weapon)
Scrolls
 f - 2 scrolls of remove curse
 i - a scroll of amnesia
 l - a scroll of teleportation
Potions
 d - a potion of mutation {unknown}
 k - 3 potions of heal wounds
 q - a potion of magic
 s - a potion of curing
Books
 h - a book of Conjurations

   Spells                             Type                      Level
   a - Magic Dart                     Conjuration                  1
   b - Searing Ray                    Conjuration                  2
   c - Dazzling Spray                 Conjuration/Hexes            3
   d - Fulminant Prism                Conjuration/Hexes            4
   e - Force Lance                    Conjuration/Translocation    4
   f - Iskenderun's Mystic Blast      Conjuration                  4
Comestibles
 c - 11 rations


   Skills:
 - Level 2.4 Dodging
 - Level 4.1 Stealth
 + Level 6.2 Spellcasting
 - Level 6.2 Conjurations


You had 3 spell levels left.
You knew the following spells:

 Your Spells              Type           Power        Failure   Level  Hunger
a - Magic Dart            Conj           ####         1%          1    None
b - Searing Ray           Conj           ####..       1%          2    None
c - Dazzling Spray        Conj/Hex       ###...       4%          3    #......
d - Iskenderun's Mystic   Conj           ####....     4%          4    ###....
e - Force Lance           Conj/Tloc      ###.....     16%         4    ###....


Dungeon Overview and Level Annotations

Branches:
Dungeon (4/15)
 Temple: D:4-7

Altars:
Uskayaw


Message History

The searing ray hits the orc wizard.
The orc wizard is lightly wounded. (Press . to maintain the ray.)
The searing ray misses the orc wizard.
The searing ray hits the orc.
The orc is severely wounded.
The orc wizard points at you and mumbles some strange words.
The puff of flame misses you.
The searing ray misses the orc wizard.
The searing ray hits the orc.
You kill the orc!
The orc wizard gestures at you while chanting.
The puff of flame hits you!
The searing ray hits the orc wizard.
The orc wizard is almost dead.
You finish channeling your searing ray.
The orc wizard gestures at you while chanting.
The puff of frost hits you!
* * * LOW HITPOINT WARNING * * *
The orc wizard casts a spell at you. The puff of flame hits you!
You die...

..#.... #.#....
######### #.#....
........# ...#)#
#######.# #.o#r# #
#.# #..#o###### #
#.#######.#)...?..
#
#.........@.......
#
##########........
# ......... #
#......... #
#..>...... #
#.........
#.........
####......


You could see an orc wizard, an orc and a quokka.

Vanquished Creatures
  A big kobold (D:4)
  A howler monkey (D:4)
  A hound (D:4)
  An orc priest (D:4)
  Terence (D:2)
  A worker ant (D:4)
  An adder (D:3)
  A howler monkey skeleton (D:4)
  A worm (D:3)
  A dart slug (D:1)
  A leopard gecko (D:1)
  2 orcs (D:4)
  4 bats
  A bat zombie (D:1)
  4 giant cockroaches
  5 goblins
  5 hobgoblins
  10 jackals
  25 kobolds
  A ball python (D:1)
  4 frilled lizards
  A jackal zombie (D:1)
  4 rats
77 creatures vanquished.

Vanquished Creatures (others)
  A kobold (D:4)
1 creature vanquished.

Grand Total: 78 creatures vanquished

Notes
Turn   | Place    | Note
-------+----------+-------------------------------------------
     0 | D:1      | mike2R the Deep Elf Conjurer began the quest for the Orb.
     0 | D:1      | Reached XP level 1. HP: 10/10 MP: 6/6
   229 | D:1      | Reached XP level 2. HP: 15/15 MP: 6/8
   467 | D:1      | Learned a level 2 spell: Searing Ray
  1114 | D:1      | Reached XP level 3. HP: 19/19 MP: 6/10
  1119 | D:1      | Learned a level 3 spell: Dazzling Spray
  1576 | D:2      | Noticed Terence
  1587 | D:2      | Killed Terence
  1587 | D:2      | Reached skill level 5 in Conjurations
  2262 | D:3      | Reached XP level 4. HP: 16/24 MP: 8/12
  2272 | D:3      | Learned a level 4 spell: Iskenderun's Mystic Blast
  2565 | D:3      | Found a hide-covered altar of Uskayaw.
  3165 | D:4      | Reached skill level 5 in Spellcasting
  3165 | D:4      | Reached XP level 5. HP: 28/28 MP: 8/14
  3509 | D:4      | Reached XP level 6. HP: 29/32 MP: 4/16
  3515 | D:4      | Learned a level 4 spell: Force Lance
  4096 | D:4      | Killed from afar by an orc wizard

Skill      XL: |  1  2  3  4  5  6 |
---------------+-------------------+-----
Stealth        | 3 4 |  4.1
Spellcasting   | 4 5 6 |  6.2
Conjurations   | 5 6 |  6.2
Dodging        | |  2.4

Action                   |  1- 3 |  4- 6 || total
-------------------------+-------+-------++-------
Melee: Dagger            |    10 |     1 ||    11
       Short sword       |       |     1 ||     1
       Staff             |       |     1 ||     1
 Fire: Hunting sling     |       |     6 ||     6
Throw: Tomahawk          |     1 |       ||     1
 Cast: Magic Dart        |    74 |    56 ||   130
       Searing Ray       |     1 |     4 ||     5
       Iskenderun's Myst |       |     6 ||     6
  Use: Scroll            |       |    11 ||    11
 Stab: Sleeping          |     1 |     1 ||     2
  Eat: Chunk             |     3 |     5 ||     8
       Ration            |       |     1 ||     1
Armor: Robe              |     7 |       ||     7
       Leather armour    |       |     7 ||     7
Dodge: Dodged            |    15 |    10 ||    25
